 Dungeon Crawl Stone Soup version 0.28.0-53-g5a82cb258f (webtiles) character file.

Game seed: 3847129066858274039

128 pkoi the Gusty (level 4, 0/33 HPs)
             Began as a Demigod Air Elementalist on May 31, 2022.
             Killed from afar by an orc wizard (5 damage)
             ... with a magic dart
             ... on level 4 of the Dungeon.
             The game lasted 00:03:59 (3905 turns).

pkoi the Gusty (Demigod Air Elementalist)           Turns: 3905, Time: 00:03:59

Health: 0/33       AC:  3    Str:  9    XL:     4   Next: 58%
Magic:  7/9        EV: 12    Int: 21    God:
Gold:   178        SH:  0    Dex: 14    Spells: 2/7 levels left

rFire   . . .      SeeInvis .   b - +2 dagger (pain)
rCold   . . .      Faith    .   (no shield)
rNeg    . . .      Spirit   .   a - +0 robe
rPois   .          Reflect  .   (no helmet)
rElec   .          Harm     .   (no cloak)
rCorr   .          Rampage  .   g - +0 pair of gloves
Will    .....                   (no boots)
Stlth   ++........              (no amulet)
HPRegen 0.11/turn               (no ring)
MPRegen 0.11/turn               (no ring)

@: very slightly contaminated
A: high MP 1, forlorn, divine attributes
a: no special abilities


You were on level 4 of the Dungeon.
You visited 1 branch of the dungeon, and saw 4 of its levels.

You collected 178 gold pieces.

Inventory:

Hand Weapons
 b - a +2 dagger of pain (weapon)
Missiles
 j - 4 curare-tipped darts
Armour
 a - a +0 robe (worn)
 g - a +0 pair of gloves (worn)
Jewellery
 s - a ring of ice
Wands
 o - a wand of digging (4)
Scrolls
 d - 2 scrolls of vulnerability {unknown}
 l - 2 scrolls of teleportation {unknown}
 m - a scroll of fear {unknown}
 n - a scroll of torment {unknown}
 q - a scroll of summoning {unknown}
 r - a scroll of magic mapping {unknown}
Potions
 c - a potion of lignification {unknown}
 e - a potion of degeneration {unknown}
 f - a potion of might {unknown}
 h - a potion of berserk rage {unknown}
 i - 2 potions of flight {unknown}
 k - 2 potions of curing {unknown}
 p - a potion of heal wounds {unknown}


   Skills:
 - Level 1.7 Dodging
 - Level 1.7 Stealth
 - Level 2.0 Spellcasting
 - Level 1.0 Conjurations
 + Level 4.4 Air Magic
 + Level 2.0 Poison Magic


You had 2 spell levels left.
You knew the following spells:

 Your Spells              Type           Power      Damage    Failure   Level
a - Shock                 Conj/Air       52%        1d6       4%          1
b - Static Discharge      Conj/Air       13%        N/A       8%          2
c - Poisonous Vapours     Pois/Air       30%        N/A       6%          2

Your spell library contained the following spells:

 Spells                   Type           Power      Damage    Failure   Level
 Sting                    Tmut/Pois      24%        1d4       10%         1
 Swiftness                Air            20%        N/A       7%          3
 Airstrike                Air            10%        N/A       24%         4
 Ignite Poison            Fire/Tmut/Pois 4%         N/A       32%         3
 Conjure Flame            Conj/Fire      4%         6-21      34%         3
 Olgreb's Toxic Radiance  Pois           10%        N/A       54%         4
 Sticky Flame             Conj/Fire      4%         2d3       75%         4


Dungeon Overview and Level Annotations

Branches:
Dungeon (4/15)
 Temple: D:4-7


Innate Abilities, Weirdness & Mutations

You have an increased reservoir of magic. (+10% MP)
You shall have no god before yourself.
Your divine heritage dramatically boosts your attributes as you level up.


Message History

You kill the orc!
The zap hits the orc.
The orc is moderately wounded.
The zap hits the orc priest.
The orc priest is lightly wounded.
The orc wizard casts a spell at you.
You are confused.
Your Poison Magic skill increases to level 2!
You're too confused to cast spells.
You're too confused to cast spells.
Unknown command.
The orc priest calls upon Beogh to heal the orc.
The orc's wounds heal themselves!
The orc wizard hits you but does no damage.
You bump into the rock wall.
The orc priest mumbles some strange prayers to Beogh against you.
Beogh smites you!
* * * LOW HITPOINT WARNING * * *
The orc wizard gestures at you while chanting.
The puff of flame hits you.
* * * LOW HITPOINT WARNING * * *
You're too confused to cast spells.
You're too confused to cast spells.
Unknown command.
You bump into the rock wall.
The orc wizard closely misses you.
There is an open door here.
You feel less confused.
Aiming: Shock (safe; 4% risk of failure)
Press: ? - help, Q - select action, (/) - cycle Shift-Dir - straight line, p - orc wizard You miscast Shock.
You are very lightly contaminated with residual magic.
Nothing appears to happen.
Unknown command.
Unknown command.
The orc wizard points at you and mumbles some strange words.
The puff of flame hits you.
* * * LOW HITPOINT WARNING * * *
The orc wizard points at you and mumbles some strange words.
The magic dart hits you.
You die...

#####
#####...#######
...............
#####...######.
####...'...'....#
#..#.###...####.#
#..#.# #...# #.#
#.<#.# #...# #.#
#.##.# #...# #@#
#....# ##### #.#
###
###############.#
.... ........o.o.#
.....
#+.....o#####......
#......'oo)o......
#......#####......
#......# .....
######## ..!.


You could see an orc wizard.

Vanquished Creatures
  A hound skeleton (D:3)
  A gnoll (D:1)
  3 adders
  A worm (D:2)
  2 dart slugs (D:1)
  3 orcs
  2 ball pythons (D:1)
  3 bats
  7 endoplasms
  2 giant cockroaches (D:1)
  9 goblins
  6 hobgoblins
  7 jackals
  5 kobolds
  6 frilled lizards
  5 rats
63 creatures vanquished.

Notes
Turn   | Place    | Note
-------+----------+-------------------------------------------
     0 | D:1      | pkoi the Demigod Air Elementalist began the quest for the
                  | Orb.
     0 | D:1      | Reached XP level 1. HP: 14/14 MP: 5/5
    54 | D:1      | Reached skill level 1 in Conjurations
   258 | D:1      | Reached skill level 3 in Air Magic
   394 | D:1      | Reached XP level 2. HP: 20/20 MP: 4/7
   894 | D:1      | Reached XP level 3. HP: 26/26 MP: 3/8
   897 | D:1      | Learned a level 2 spell: Static Discharge
   900 | D:1      | Learned a level 2 spell: Poisonous Vapours
  1504 | D:2      | Reached skill level 4 in Air Magic
  1699 | D:2      | Reached skill level 1 in Poison Magic
  2587 | D:3      | Reached XP level 4. HP: 33/33 MP: 1/9
  3905 | D:4      | Killed from afar by an orc wizard

Illustrated notes

Levels and vault maps discovered:
D:1:      minmay_arrival_plants_in_alcoves, layout_basic,
          hellmonk_ecumenical_altar_blasted, serial_glass, glass_columns_a,
          glass_columns_c, glass_columns_c, glass_columns_b, glass_columns_c,
          item_on_display_a
D:2:      layout_basic
D:3:      layout_basic, tso_metal_star
D:4:      minmay_evil_eye, layout_basic, kennysheep_pointless_box

Skill      XL: |  1  2  3  4 |
---------------+-------------+-----
Conjurations   | 1 |  1.0
Spellcasting   | 2 |  2.0
Air Magic      | 3 4 |  4.4
Poison Magic   | 1 2 |  2.0
Dodging        | |  1.7
Stealth        | |  1.7

Action                   |  1- 3 |  4- 6 || total
-------------------------+-------+-------++-------
Melee: Dagger            |     8 |    16 ||    24
 Cast: Shock             |   104 |    33 ||   137
       Static Discharge  |       |     2 ||     2
Armor: Robe              |     4 |     6 ||    10
Dodge: Dodged            |    11 |    25 ||    36
